AoeStats
← 凉拌皮蛋

Arabia

504961640Analyzed
1v1 RM · 25d ago on Sep 7, 2026· 32m 57s· 2 players
Game mode
Random Map
Map size
Tiny (2 player)
Population
200
Speed
Normal
Resources
Standard
Victory
Conquest
Starting age
Dark Age
Ending age
Imperial Age
RankedLock teamsTeams togetherTeam positionsShared explorationLock speedFull tech treeHidden civsTurbo modeCheats
Victory
Defeat
🇨🇳 Turks · China
1233
+18
🇨🇭 Bulgarians · Switzerland
1278
-18
凉拌皮蛋
2:28 Loom
9:01 Feudal Age
10:20 Double-Bit Axe
12:19 Horse Collar
16:17 Wheelbarrow
15:47 Fletching
21:28 Castle Age
19:48 Padded Archer Armor
20:33 Scale Barding Armor
20:21 Gold Mining
21:58 Bloodlines
22:22 Bodkin Arrow
21:48 Crossbowman
26:36 Chain Barding Armor
28:33 Husbandry
28:56 Ballistics
32:31 Hand Cart
32:01 Town Watch
32:42 Heavy Plow
NinjaPenguin
6:42 Loom
9:32 Feudal Age
10:01 Double-Bit Axe
15:23 Fletching
15:47 Padded Archer Armor
19:20 Castle Age
19:08 Scale Barding Armor
18:56 Gold Mining
20:25 Bow Saw
20:44 Bodkin Arrow
25:10 Chain Barding Armor
27:21 Gold Shaft Mining
27:18 Bloodlines
29:26 Forging
30:41 Wheelbarrow
30:56 Husbandry
Connection lost

Rejoining the realm…

Still unreachable

The connection could not be restored.

Session expired

The server has moved on; the page needs a fresh start.